[Event "EYCC Girls U14 2018"]
[Site "Riga"]
[Date "2018.08.20"]
[Round "1"]
[White "Garifullina, Leya"]
[Black "Czarnecka, Lidia"]
[Result "1-0"]
[ECO "B28"]
[WhiteElo "2106"]
[BlackElo "1753"]
[Annotator "NA"]
[PlyCount "59"]
[EventDate "2018.08.20"]
[EventType "swiss"]
[EventCountry "LAT"]
[SourceTitle "playchess.com"]
[Source "ChessBase"]
[SourceQuality "1"]
[TimeControl "40/5400+30:1800+30"]

1. e4 c5 2. Nf3 a6 3. c3 Nf6 4. e5 Nd5 5. d4 e6 6. dxc5 Bxc5 7. Bc4 Nb6 8. Bd3 d5 9. exd6 $14 Bxd6 10. O-O N8d7 11. Qe2 Nd5 12. Bc2 Qc7 13. Rd1 N7f6 14. Nbd2 Bd7 15. Nc4 Be7 16. Nce5 Rc8 17. Nxd7 Nxd7 18. Bb3 N5f6 19. Bg5 Nc5 20. Bc2 h6 21. Bh4 O-O 22. Ne5 Rfd8 23. Bg3 Qb6 24. a4 Ncd7 25. a5 Qc5 26. Nxd7 Rxd7 27. Rxd7 Nxd7 28. Qe4 Nf6 29. Qxb7 Qc6 30. Qxe7 1-0

[Event "EYCC Girls U14 2018"]
[Site "Riga"]
[Date "2018.08.20"]
[Round "1"]
[White "Dylag, Emilia"]
[Black "Heutling, Elina"]
[Result "1-0"]
[ECO "A45"]
[WhiteElo "2095"]
[BlackElo "1728"]
[Annotator "NA"]
[PlyCount "75"]
[EventDate "2018.08.20"]
[EventType "swiss"]
[EventCountry "LAT"]
[SourceTitle "playchess.com"]
[Source "ChessBase"]
[SourceQuality "1"]
[TimeControl "40/5400+30:1800+30"]

1. d4 Nf6 2. Nc3 d5 3. Bf4 g6 4. e3 Bg7 5. h4 c5 6. Be2 h5 $11 7. Nb5 Na6 8. Nf3 c4 9. O-O Bd7 10. a4 Qb6 11. b3 cxb3 12. c4 dxc4 13. Bxc4 O-O 14. Qxb3 e6 15. a5 Qd8 16. Nd6 Nc7 17. Nxb7 Qc8 18. Rfc1 Bc6 19. a6 Rb8 20. Bxc7 Qxc7 21. Bxe6 fxe6 22. Qxe6+ Kh8 23. Rxc6 Qf7 24. Qxf7 Rxf7 25. Ne5 Rfxb7 26. axb7 Rxb7 27. Nxg6+ Kh7 28. Nf4 Kh6 29. Nd5 Kg6 30. Nxf6 Bxf6 31. Raa6 Rf7 32. Kf1 Kg7 33. Rxf6 Rxf6 34. Rxf6 Kxf6 35. Ke2 a5 36. Kd3 Ke6 37. Kc4 a4 38. Kb4 1-0

[Event "EYCC Girls U14 2018"]
[Site "Riga"]
[Date "2018.08.20"]
[Round "1"]
[White "Krasteva, Beloslava"]
[Black "Moskaleva, Arina"]
[Result "1-0"]
[ECO "D20"]
[WhiteElo "2086"]
[BlackElo "1723"]
[Annotator "NA"]
[PlyCount "91"]
[EventDate "2018.08.20"]
[EventType "swiss"]
[EventCountry "LAT"]
[SourceTitle "playchess.com"]
[Source "ChessBase"]
[SourceQuality "1"]
[TimeControl "40/5400+30:1800+30"]

1. d4 d5 2. c4 dxc4 3. e3 Nf6 4. Bxc4 e6 5. Nf3 Be7 6. Nc3 c6 7. O-O O-O 8. a4 a5 9. Qe2 Nbd7 10. e4 Nb6 11. Bb3 Re8 12. Bf4 Bd7 13. Rac1 Rc8 14. Rfd1 h6 15. h3 Bb4 16. Qd3 Qe7 17. Bc2 Nh7 18. e5 Nf8 19. Ne4 c5 20. Nd6 c4 21. Nxc8 Rxc8 22. Qe2 Nxa4 23. Be4 c3 24. b3 Nb2 25. Re1 Qe8 26. Bxb7 Bb5 27. Qe3 Rc7 28. Be4 c2 29. Rxc2 Rxc2 30. Bxc2 Bxe1 31. Nxe1 a4 32. Qc3 axb3 33. Bxb3 Na4 34. Qc7 Qa8 35. Qc2 Bc6 36. Bd2 Nb6 37. Qa2 Qb7 38. f3 Nd5 39. Nd3 Qb6 40. Qb2 Qa6 41. Bc2 Qa7 42. Kh2 Ng6 43. Nc5 Nxe5 44. dxe5 Qxc5 45. Qb8+ Qf8 46. Bh7+ 1-0

[Event "EYCC Girls U14 2018"]
[Site "Riga"]
[Date "2018.08.20"]
[Round "1"]
[White "Lehaci, Miruna-Daria"]
[Black "Murzina, Agata"]
[Result "0-1"]
[ECO "C11"]
[WhiteElo "2055"]
[BlackElo "1716"]
[Annotator "NA"]
[PlyCount "120"]
[EventDate "2018.08.20"]
[EventType "swiss"]
[EventCountry "LAT"]
[SourceTitle "playchess.com"]
[Source "ChessBase"]
[SourceQuality "1"]
[TimeControl "40/5400+30:1800+30"]

1. e4 e6 2. d4 d5 3. Nc3 Nf6 4. e5 Nfd7 $1 5. f4 c5 6. Nf3 Nc6 7. Be3 a6 8. Qd2 b5 $11 {[%emt 0:03:24] LiveBook: 1726 Partien} 9. a3 Rb8 10. Be2 Be7 11. O-O O-O 12. dxc5 Bxc5 13. Bxc5 Nxc5 14. Rad1 b4 15. axb4 Rxb4 16. b3 f6 17. Kh1 fxe5 18. Nxe5 Nxe5 19. fxe5 Rh4 20. Rxf8+ Qxf8 21. Qg5 Rf4 22. Bf3 Nd7 23. Re1 Rxf3 24. gxf3 Qxf3+ 25. Kg1 Qxc3 26. Rf1 Qc5+ 27. Rf2 h6 28. Qh5 Kh7 29. Kf1 Qb5+ 30. Ke1 d4 31. Re2 Bb7 32. Kf2 d3 33. cxd3 Qxd3 34. Qf7 Qf5+ 35. Qxf5+ exf5 36. e6 Nf6 37. e7 Bc6 38. Kg3 Kg6 39. Kf4 Be4 40. Ra2 Kf7 41. Rxa6 Kxe7 42. Ra7+ Ke6 43. Kg3 Ke5 44. h3 Kd4 45. Kf2 Nh5 46. Rc7 f4 47. Rc4+ Kd3 48. Rc7 g5 49. b4 Nf6 50. Rf7 Nd5 51. b5 Kc4 52. b6 Nxb6 53. Rf6 Nd5 54. Rxh6 Nc3 55. Rh5 f3 56. Ke1 Nd1 57. Kxd1 f2 58. Ke2 Bf3+ 59. Kxf3 f1=Q+ 60. Kg4 Qf4# 0-1

[Event "EYCC Girls U14 2018"]
[Site "Riga"]
[Date "2018.08.20"]
[Round "1"]
[White "Allahverdiyeva, Ayan"]
[Black "Mikhailina, Elena"]
[Result "1-0"]
[ECO "B33"]
[WhiteElo "2046"]
[BlackElo "1704"]
[Annotator "NA"]
[PlyCount "153"]
[EventDate "2018.08.20"]
[EventType "swiss"]
[EventCountry "LAT"]
[SourceTitle "playchess.com"]
[Source "ChessBase"]
[SourceQuality "1"]
[TimeControl "40/5400+30:1800+30"]

1. e4 c5 2. Nf3 Nc6 3. d4 cxd4 4. Nxd4 Nf6 5. Nc3 e6 6. Bc4 Bb4 7. Nxc6 bxc6 8. e5 Qa5 9. Qd4 Ne4 10. Qxe4 Bxc3+ 11. bxc3 Qxc3+ 12. Ke2 Qxa1 13. Ba3 Qc3 14. Bd6 f5 15. Qd3 Qxd3+ 16. Kxd3 Kf7 17. Rb1 a5 18. a4 Ba6 19. Bxa6 Rxa6 20. Rb7 Rd8 21. Kc4 Ke8 22. Kc5 Rda8 23. c4 g5 24. Rb3 Kf7 25. Rb7 Ke8 26. Rb3 Kf7 27. Bc7 R6a7 28. Bb8 Ra6 29. Kd6 Ke8 30. Kc7 c5 31. Kb7 Rxb8+ 32. Kxb8 Kd8 33. Kb7 Rc6 34. Rb6 Rc8 35. Ra6 Rc7+ 36. Kb6 Rc8 37. Ra7 h5 38. Rb7 h4 39. Kxa5 Ra8+ 40. Kb5 Kc8 41. Rb6 Kc7 42. a5 f4 43. g4 fxg3 44. fxg3 hxg3 45. hxg3 Rf8 46. a6 Rf1 47. Kxc5 Re1 48. Rb7+ Kc8 49. Kb6 Rb1+ 50. Ka7 Rc1 51. Rb8+ Kc7 52. Rg8 Rxc4 53. Rxg5 Re4 54. Rh5 Rg4 55. Rh4 Rxg3 56. Rc4+ Kd8 57. Kb6 d5 58. a7 Rb3+ 59. Ka5 dxc4 60. a8=Q+ Kc7 61. Qe4 Rc3 62. Qd4 Rc1 63. Qd6+ Kb7 64. Qd7+ Kb8 65. Qxe6 c3 66. Kb4 Kb7 67. Kb3 Kc7 68. Qd6+ Kc8 69. e6 Rb1+ 70. Kxc3 Rb6 71. Qd7+ Kb8 72. e7 Rc6+ 73. Qxc6 Ka7 74. Qc7+ Ka6 75. Qb8 Ka5 76. Qa7+ Kb5 77. e8=Q# 1-0

[Event "EYCC Girls U14 2018"]
[Site "Riga"]
[Date "2018.08.20"]
[Round "1"]
[White "Ruzic, Pia Marie"]
[Black "Stepanyan, Eva"]
[Result "0-1"]
[ECO "A29"]
[WhiteElo "1748"]
[BlackElo "2101"]
[Annotator "NA"]
[PlyCount "74"]
[EventDate "2018.08.20"]
[EventType "swiss"]
[EventCountry "LAT"]
[SourceTitle "playchess.com"]
[Source "ChessBase"]
[SourceQuality "1"]
[TimeControl "40/5400+30:1800+30"]

1. c4 e5 2. Nc3 Nf6 3. Nf3 Nc6 4. g3 Bc5 5. Bg2 O-O 6. O-O d6 7. d3 h6 8. a3 {[%emt 0:01:55] LiveBook: 198 Games} a5 9. Rb1 Re8 10. Nd2 Bg4 11. Na4 $15 (11. h3 $5 Be6 12. g4 $11) 11... Nd4 12. Nf3 Nxf3+ 13. exf3 Bf5 14. Be3 Bd4 15. f4 c6 16. h3 Rc8 17. g4 Bh7 18. f5 b5 19. Nc3 Qb6 20. g5 Bxe3 21. gxf6 Bg5 22. cxb5 cxb5 23. Nd5 Qd8 24. Ne7+ Rxe7 25. fxe7 Qxe7 26. Qg4 Qd7 27. Be4 d5 28. Bg2 Bxf5 29. Qf3 e4 30. Qg3 exd3 31. h4 Bf6 32. b4 d2 33. Rbd1 Bc3 34. Qf4 axb4 35. axb4 Rc4 36. Qe3 d4 37. Qf4 d3 0-1

[Event "EYCC Girls U14 2018"]
[Site "Riga"]
[Date "2018.08.20"]
[Round "1"]
[White "Karavitaki, Evaggelia"]
[Black "Loskutova, Viktoriya"]
[Result "1-0"]
[ECO "B27"]
[WhiteElo "1727"]
[BlackElo "2088"]
[Annotator "NA"]
[PlyCount "101"]
[EventDate "2018.08.20"]
[EventType "swiss"]
[EventCountry "LAT"]
[SourceTitle "playchess.com"]
[Source "ChessBase"]
[SourceQuality "1"]
[TimeControl "40/5400+30:1800+30"]

1. e4 c5 2. Nf3 g6 3. d4 cxd4 4. Nxd4 Bg7 5. Nc3 Nc6 6. Be3 Nf6 7. Nxc6 bxc6 8. e5 Ng8 9. Bd4 Qa5 10. f4 f6 11. Qd2 fxe5 12. fxe5 c5 13. Bf2 Bxe5 14. Bc4 Nf6 15. O-O Ba6 16. Bxa6 Qxa6 17. Rfe1 d6 18. Bh4 O-O 19. Nd5 Qb7 20. Bxf6 Bxf6 21. c3 Rae8 22. Rad1 Be5 23. Ne3 Kg7 24. Nc4 Bf6 25. Qd5 Qxd5 26. Rxd5 Rb8 27. Rd2 Rfd8 28. Red1 Rd7 29. Kf2 Rf8 30. Ke2 Rdd8 31. Rd5 Rb8 32. Kd2 Rf7 33. Kc2 Bh4 34. g3 Rf2+ 35. R1d2 Rxd2+ 36. Nxd2 Bf6 37. Ne4 Rf8 38. Kb3 Rb8+ 39. Kc2 Kf7 40. Rd2 Ke6 41. Rf2 Rc8 42. Re2 Kf7 43. Rf2 h6 44. Rxf6+ exf6 45. Nxd6+ Ke6 46. Nxc8 a6 47. Kd3 f5 48. Ke3 g5 49. Nb6 Kd6 50. Nc4+ Kd5 51. b3 1-0

[Event "EYCC Girls U14 2018"]
[Site "Riga"]
[Date "2018.08.20"]
[Round "1"]
[White "Adamczyk, Zuzanna"]
[Black "Eizaguerri Floris, Maria"]
[Result "1/2-1/2"]
[ECO "B44"]
[WhiteElo "1717"]
[BlackElo "2065"]
[Annotator "NA"]
[PlyCount "85"]
[EventDate "2018.08.20"]
[EventType "swiss"]
[EventCountry "LAT"]
[SourceTitle "playchess.com"]
[Source "ChessBase"]
[SourceQuality "1"]
[TimeControl "40/5400+30:1800+30"]

1. e4 c5 2. Nf3 e6 3. d4 cxd4 4. Nxd4 Nc6 5. Nb5 d6 6. c4 a6 7. Nd4 Qc7 8. Nc3 Nf6 9. Be3 Be7 10. Be2 {[%emt 0:03:54] LiveBook: 8 Games} O-O 11. O-O $14 Ne5 12. Rc1 b6 13. f3 Bb7 14. Qd2 Rac8 15. Rfd1 Qb8 16. b3 Rfd8 17. Qe1 d5 18. cxd5 exd5 19. Nf5 Ba3 20. Bxb6 Re8 21. Rc2 dxe4 22. f4 Ng6 23. g3 Bb4 24. Bd4 Rc6 25. Bc4 h5 26. Qe2 h4 27. Ne3 hxg3 28. hxg3 Bc5 29. Rcd2 Bxd4 30. Rxd4 Qc8 31. Kg2 Rc5 32. Ncd5 Nxd5 33. Bxd5 Bxd5 34. Rxd5 Rxd5 35. Rxd5 Rd8 36. Qd2 Rxd5 37. Qxd5 Qe8 38. Qc4 a5 39. a4 Nf8 40. Qd5 Qb8 41. Qxe4 Qxb3 42. f5 Qb2+ 43. Kf3 1/2-1/2

[Event "EYCC Girls U14 2018"]
[Site "Riga"]
[Date "2018.08.20"]
[Round "1"]
[White "Elma, Muge"]
[Black "Majoros, Rozsa Evelin"]
[Result "1-0"]
[ECO "E91"]
[WhiteElo "1705"]
[BlackElo "2051"]
[Annotator "NA"]
[PlyCount "57"]
[EventDate "2018.08.20"]
[EventType "swiss"]
[EventCountry "LAT"]
[SourceTitle "playchess.com"]
[Source "ChessBase"]
[SourceQuality "1"]
[TimeControl "40/5400+30:1800+30"]

1. d4 Nf6 2. c4 d6 3. Nf3 g6 4. Nc3 Bg7 5. e4 O-O $14 {[%emt 0:03:27] LiveBook: 38949 Games} 6. Be2 Nbd7 7. O-O e5 8. dxe5 dxe5 9. Qc2 c6 10. b4 Qc7 11. Bb2 Re8 12. Rfd1 Bf8 13. a3 a5 14. Qb3 Nb8 15. c5 b6 16. cxb6 Qxb6 17. Bc4 Ra7 18. Ng5 Ree7 19. Na4 Qc7 20. Nc5 Na6 21. Nd3 Kg7 22. Nf3 axb4 23. axb4 Qb6 24. Bxe5 Be6 25. Qc3 Bxc4 26. Bxf6+ Kg8 27. Bxe7 Bg7 28. Qxc4 Nxb4 29. Rxa7 1-0

[Event "EYCC Girls U14 2018"]
[Site "Riga"]
[Date "2018.08.21"]
[Round "2"]
[White "Mironenko, Galina"]
[Black "Zelenskaya, Anastasiya"]
[Result "1-0"]
[ECO "A06"]
[WhiteElo "1998"]
[BlackElo "1783"]
[Annotator "NA RC"]
[PlyCount "109"]
[EventDate "2018.08.20"]
[EventType "swiss"]
[EventCountry "LAT"]
[SourceTitle "playchess.com"]
[Source "ChessBase"]
[SourceQuality "1"]
[TimeControl "40/5400+30:1800+30"]

1. Nf3 d5 2. g3 Nf6 3. Bg2 g6 4. O-O Bg7 5. d4 O-O 6. Nbd2 c5 7. e3 Qc7 $11 8. Ne5 Nc6 9. Ndf3 Ne4 10. c4 Be6 11. Nxc6 bxc6 12. dxc5 dxc4 13. Qc2 c3 14. Nd4 Nxc5 15. Qxc3 Qb6 16. b4 Na4 17. Qxc6 Qxb4 18. a3 Qa5 19. Bd2 Qxd2 20. Qxa4 Rab8 21. Rad1 Qa2 22. Nxe6 Qxe6 23. Qxa7 Rb6 24. Qa5 Rfb8 25. Qc5 Rc8 26. Qa5 Bc3 27. Qa7 Ra6 28. Qb7 Rxa3 29. Bd5 Qa6 30. Qxa6 Rxa6 31. Bb7 Rac6 32. Bxc6 Rxc6 33. Rd8+ Kg7 34. Rc1 Ba5 35. Rxc6 Bxd8 36. f4 e6 37. e4 h6 38. Kf2 Bf6 39. e5 Bd8 40. Kf3 h5 41. Ke4 Ba5 42. Kd4 Bb4 43. Rc2 Be7 44. Kc4 g5 45. Kd4 Kg6 46. Ke4 g4 47. Rc6 f5+ 48. exf6 Kxf6 49. f5 Kg7 50. Rxe6 Bc5 51. Kf4 Bg1 52. Re1 Bf2 53. Re2 Bd4 54. Kg5 Bf6+ 55. Kxh5 1-0

[Event "EYCC Girls U14 2018"]
[Site "Riga"]
[Date "2018.08.21"]
[Round "2"]
[White "Wikar, Martyna"]
[Black "Pipiras, Filipa Fortuna"]
[Result "1-0"]
[ECO "C44"]
[WhiteElo "1974"]
[BlackElo "1770"]
[Annotator "NA RC"]
[PlyCount "81"]
[EventDate "2018.08.20"]
[EventType "swiss"]
[EventCountry "LAT"]
[SourceTitle "playchess.com"]
[Source "ChessBase"]
[SourceQuality "1"]
[TimeControl "40/5400+30:1800+30"]

1. e4 e5 2. Nf3 Nc6 3. d4 exd4 4. Bc4 Bc5 5. c3 Nf6 6. O-O Nxe4 7. cxd4 Bb6 $16 (7... d5 $15 {keeps the upper hand.}) 8. Re1 O-O 9. Rxe4 d5 10. Bg5 f6 11. Bb3 fxg5 12. Nc3 Kh8 13. Nxd5 Bf5 14. Re3 Bg4 15. Nxb6 axb6 16. d5 Bxf3 17. Rxf3 Rxf3 18. Qxf3 Nd4 19. Qd3 Nxb3 20. Qxb3 h6 21. h3 Qd6 22. a3 Rd8 23. Rd1 Qf6 24. Rc1 Qf7 25. Qc4 Rd7 26. b4 Qf6 27. Re1 Qf7 28. Re6 Qf8 29. Qe4 Rd8 30. Qe5 Kg8 31. Re7 Kh7 32. Rxc7 Re8 33. Rxg7+ Qxg7 34. Qxe8 Qa1+ 35. Kh2 Qxa3 36. Qf7+ Kh8 37. d6 Qxb4 38. Qf6+ Kh7 39. d7 g4 40. Qf7+ Kh8 41. d8=Q+ 1-0

[Event "EYCC Girls U14 2018"]
[Site "Riga"]
[Date "2018.08.21"]
[Round "2"]
[White "Nur Mukhametova, Alisa"]
[Black "Garifullina, Leya"]
[Result "1/2-1/2"]
[ECO "E07"]
[WhiteElo "1856"]
[BlackElo "2106"]
[Annotator "NA RC"]
[PlyCount "60"]
[EventDate "2018.08.20"]
[EventType "swiss"]
[EventCountry "LAT"]
[SourceTitle "playchess.com"]
[Source "ChessBase"]
[SourceQuality "1"]
[TimeControl "40/5400+30:1800+30"]

1. Nf3 d5 2. g3 Nf6 3. Bg2 e6 4. O-O Be7 5. d4 O-O 6. c4 Nbd7 7. b3 c6 8. Bb2 b6 9. Nbd2 Bb7 {[%emt 0:00:50] LiveBook: 135 Games} 10. Re1 c5 11. Ne5 cxd4 $11 12. Bxd4 Nxe5 13. Bxe5 Qd7 14. Qc2 dxc4 15. Bxb7 Qxb7 16. Nxc4 Ng4 17. Bd4 Qd5 18. Qb2 Qh5 19. h4 Bxh4 20. gxh4 Qxh4 21. e3 b5 22. Ne5 f6 23. Nxg4 Qxg4+ 24. Kh2 Qh4+ 25. Kg2 Qg4+ 26. Kh2 Qh4+ 27. Kg2 Qg4+ 28. Kh2 Qh4+ 29. Kg2 Qg4+ 30. Kh2 Qh4+ 1/2-1/2

[Event "EYCC Girls U14 2018"]
[Site "Riga"]
[Date "2018.08.21"]
[Round "2"]
[White "Katter, Katharina"]
[Black "Dylag, Emilia"]
[Result "1/2-1/2"]
[ECO "B51"]
[WhiteElo "1830"]
[BlackElo "2095"]
[Annotator "NA RC"]
[PlyCount "97"]
[EventDate "2018.08.20"]
[EventType "swiss"]
[EventCountry "LAT"]
[SourceTitle "playchess.com"]
[Source "ChessBase"]
[SourceQuality "1"]
[TimeControl "40/5400+30:1800+30"]

1. e4 c5 2. Nf3 d6 3. Bb5+ Nd7 4. O-O Ngf6 5. d4 cxd4 6. Qxd4 e5 7. Qd3 Be7 8. c4 $11 O-O 9. Bxd7 Bxd7 10. Nc3 h6 11. h3 Rc8 12. Be3 Be6 13. b3 a6 14. Rac1 Nd7 15. Ne1 Bg5 16. Bxg5 Qxg5 17. Nf3 Qe7 18. Rfd1 Rc6 19. Nd5 Bxd5 20. Qxd5 Rfc8 21. Qd2 Nf6 22. Qe3 Qc7 23. Rd3 b5 24. Nd2 Nd7 25. Rd1 Qa5 26. cxb5 axb5 27. Nf3 Qa3 28. R3d2 Nf6 29. Qe2 Qb4 30. Re1 Rc1 31. Rxc1 Rxc1+ 32. Rd1 Rxd1+ 33. Qxd1 Nxe4 34. a4 bxa4 35. bxa4 Nc3 36. Qc2 g6 37. Qd2 Kg7 38. Qe1 Qc5 39. Qa1 Ne2+ 40. Kf1 Nc3 41. Kg1 Ne4 42. Qa2 Qc1+ 43. Kh2 Qf1 44. Qd5 Nxf2 45. Nxe5 dxe5 46. Qxe5+ Kh7 47. Qf4 Kg8 48. Qb8+ Kh7 49. Qf4 1/2-1/2

[Event "EYCC Girls U14 2018"]
[Site "Riga"]
[Date "2018.08.21"]
[Round "2"]
[White "Hakobyan, Astghik"]
[Black "Krasteva, Beloslava"]
[Result "0-1"]
[ECO "B50"]
[WhiteElo "1820"]
[BlackElo "2086"]
[Annotator "NA"]
[PlyCount "134"]
[EventDate "2018.08.20"]
[EventType "swiss"]
[EventCountry "LAT"]
[SourceTitle "playchess.com"]
[Source "ChessBase"]
[SourceQuality "1"]
[TimeControl "40/5400+30:1800+30"]

1. e4 c5 2. Nf3 d6 3. Nc3 Nf6 4. e5 dxe5 5. Nxe5 Nbd7 6. d4 e6 7. Bb5 a6 {[%emt 0:02:29] LiveBook: 37 Games} 8. Bxd7+ $11 Nxd7 9. Qf3 Qe7 10. Ne4 cxd4 11. Bf4 Nxe5 12. Bxe5 Qd8 13. O-O-O Qd5 14. Bxd4 Qxa2 15. Bxg7 Bxg7 16. Nd6+ Kd8 17. Nf5+ Kc7 18. Qg3+ e5 19. Qc3+ Kb8 20. Nxg7 f6 21. Qf3 Qa1+ 22. Kd2 Rd8+ 23. Ke2 Rxd1 24. Rxd1 Qxb2 25. Qxf6 Qxc2+ 26. Ke1 Qe4+ 27. Kf1 Ka7 28. Re1 Qc4+ 29. Kg1 Bd7 30. Qxe5 Rg8 31. Qe3+ Ka8 32. Nh5 Bc6 33. Ng3 Qd5 34. f3 h5 35. Ne4 Re8 36. Qc3 h4 37. Rc1 Rd8 38. Nf2 Rg8 39. Rd1 Qg5 40. Ng4 h3 41. Ra1 Qd5 42. gxh3 Qxf3 43. Qxf3 Bxf3 44. Ra4 Ka7 45. Kf2 Bc6 46. Ra1 b5 47. Ne5 Bb7 48. h4 Rg2+ 49. Ke3 Rxh2 50. Ng6 Kb6 51. Kf4 b4 52. Kg5 a5 53. Ne5 Kb5 54. h5 b3 55. Ng4 b2 56. Re1 Re2 57. Rxe2 b1=Q 58. Re5+ Kb6 59. h6 Be4 60. Re6+ Kc5 61. Kf6 Qf1+ 62. Kg7 Qg2 63. Re5+ Kd6 64. Rg5 Qb2+ 65. Kg8 Qb8+ 66. Kg7 Qc7+ 67. Kh8 Qh7# 0-1

[Event "EYCC Girls U14 2018"]
[Site "Riga"]
[Date "2018.08.21"]
[Round "2"]
[White "Bellahcene, Sofia"]
[Black "Allahverdiyeva, Ayan"]
[Result "0-1"]
[ECO "C03"]
[WhiteElo "1813"]
[BlackElo "2046"]
[Annotator "NA RC"]
[PlyCount "35"]
[EventDate "2018.08.20"]
[EventType "swiss"]
[EventCountry "LAT"]
[SourceTitle "playchess.com"]
[Source "ChessBase"]
[SourceQuality "1"]
[TimeControl "40/5400+30:1800+30"]

1. e4 e6 2. d4 d5 3. Nd2 Be7 4. e5 c5 5. c3 {[%emt 0:01:46] LiveBook: 218 Games} Nc6 6. Qg4 Kf8 $15 7. Ndf3 cxd4 8. cxd4 Nb4 9. Bd2 Nc2+ 10. Kd1 Nxa1 11. Bd3 f5 12. Qg3 Qe8 13. b3 a5 14. Kc1 a4 15. b4 Nb3+ 16. axb3 axb3 17. Bc3 Qc6 18. Kb2 0-1

[Event "EYCC Girls U14 2018"]
[Site "Riga"]
[Date "2018.08.21"]
[Round "2"]
[White "Tikhonova, Alesia"]
[Black "Ciolacu, Alessia Mihaela"]
[Result "1-0"]
[ECO "C55"]
[WhiteElo "1792"]
[BlackElo "2020"]
[Annotator "NA RC"]
[PlyCount "71"]
[EventDate "2018.08.20"]
[EventType "swiss"]
[EventCountry "LAT"]
[SourceTitle "playchess.com"]
[Source "ChessBase"]
[SourceQuality "1"]
[TimeControl "40/5400+30:1800+30"]

1. e4 e5 2. Nf3 Nc6 3. d4 exd4 4. Bc4 Nf6 5. e5 d5 6. Bb5 Ne4 7. Nxd4 Bd7 8. Bxc6 bxc6 9. O-O Be7 10. f3 Nc5 11. Nc3 O-O 12. f4 f6 $11 13. Be3 fxe5 14. fxe5 Qe8 15. Rxf8+ Bxf8 16. Bf4 Rb8 17. b3 Ne6 18. Bg3 Rb4 19. Nce2 c5 20. c3 Nxd4 21. Nxd4 Rb8 22. Nf3 Bc6 23. Qe2 a5 24. e6 a4 25. bxa4 Bxa4 26. Bxc7 Rb7 27. Bg3 Be7 28. Re1 Rb6 29. Qe5 Bc6 30. Bh4 Rb2 31. Bxe7 Qxe7 32. a4 h6 33. a5 Ra2 34. Qb8+ Kh7 35. Qb6 Bb7 36. Qb1+ 1-0

[Event "EYCC Girls U14 2018"]
[Site "Riga"]
[Date "2018.08.21"]
[Round "2"]
[White "Poliakova, Varvara"]
[Black "Kirchei, Viktoriia"]
[Result "0-1"]
[ECO "A06"]
[WhiteElo "1791"]
[BlackElo "1987"]
[Annotator "NA RC"]
[PlyCount "100"]
[EventDate "2018.08.20"]
[EventType "swiss"]
[EventCountry "LAT"]
[SourceTitle "playchess.com"]
[Source "ChessBase"]
[SourceQuality "1"]
[TimeControl "40/5400+30:1800+30"]

1. Nf3 d5 2. e3 Nf6 3. b3 g6 4. Bb2 Bg7 5. c4 e6 6. d4 Nbd7 7. Nbd2 b6 8. Bd3 Bb7 $11 9. Rc1 Ne4 10. cxd5 exd5 11. O-O O-O 12. Qc2 Nxd2 13. Qxd2 Nf6 14. Ne5 Rc8 15. Nc6 Qd7 16. Nxa7 Ra8 17. Nb5 Ne4 18. Bxe4 Qxb5 19. Bd3 Qd7 20. a4 f5 21. Rc2 f4 22. exf4 Bh6 23. Qc3 Bxf4 24. Bc1 Bd6 25. Re2 Rf7 26. Rfe1 Kg7 27. Be3 Qd8 28. Qc1 Qh4 29. g3 Qh5 30. Rc2 Bc8 31. Be2 Qh3 32. Bf1 Qh5 33. Bg2 Bf5 34. Ra2 Bg4 35. Qc6 Raf8 36. Qxd5 Rf5 37. Qc4 g5 38. Qd3 R5f6 39. Qf1 Bxg3 40. hxg3 Rh6 41. f4 Qh2+ 42. Kf2 gxf4 43. Bxf4 Rxf4+ 44. gxf4 Qxf4+ 45. Kg1 Qh2+ 46. Kf2 Rf6+ 47. Ke3 Qg3+ 48. Kd2 Rf2+ 49. Kc1 Qc3+ 50. Kb1 Bf5+ 0-1

[Event "EYCC Girls U14 2018"]
[Site "Riga"]
[Date "2018.08.22"]
[Round "3"]
[White "Garifullina, Leya"]
[Black "Efendieva, Alina"]
[Result "1/2-1/2"]
[ECO "C50"]
[WhiteElo "2106"]
[BlackElo "1843"]
[Annotator "NA"]
[PlyCount "84"]
[EventDate "2018.08.20"]
[EventType "swiss"]
[EventCountry "LAT"]
[SourceTitle "playchess.com"]
[Source "ChessBase"]
[SourceQuality "1"]
[TimeControl "40/5400+30:1800+30"]

1. e4 e5 2. Nf3 Nc6 3. Bc4 Nf6 4. d3 Bc5 5. O-O O-O 6. Re1 d6 7. c3 Bb6 8. Bb3 Ne7 {[%emt 0:01:18] LiveBook: 7 Games} 9. Nbd2 c6 10. Nf1 Ng6 11. Ng3 Bc7 12. d4 exd4 13. cxd4 $14 h6 14. Qd3 Kh7 15. Bd2 Be6 16. Bxe6 fxe6 17. Qb3 Qd7 18. Rac1 Bb6 19. h3 e5 20. dxe5 Nxe5 21. Nxe5 dxe5 22. Be3 Bxe3 23. Qxe3 Qe6 24. b3 b6 25. b4 Qxa2 26. Rxc6 Rac8 27. Rec1 Rxc6 28. Rxc6 Qb1+ 29. Kh2 Qxb4 30. Rc7 Kh8 31. Rxa7 Qd4 32. Qa3 Rg8 33. f3 Qd2 34. Nf1 Qf2 35. Ne3 Nh5 36. Rc7 Qg3+ 37. Kg1 Nf4 38. Kf1 Qh2 39. Qe7 Qh1+ 40. Kf2 Nd3+ 41. Ke2 Nf4+ 42. Kf2 Nd3+ 1/2-1/2

[Event "EYCC Girls U14 2018"]
[Site "Riga"]
[Date "2018.08.22"]
[Round "3"]
[White "Krasteva, Beloslava"]
[Black "Yakimova, Mariya"]
[Result "1-0"]
[ECO "A80"]
[WhiteElo "2086"]
[BlackElo "1875"]
[Annotator "NA"]
[PlyCount "63"]
[EventDate "2018.08.20"]
[EventType "swiss"]
[EventCountry "LAT"]
[SourceTitle "playchess.com"]
[Source "ChessBase"]
[SourceQuality "1"]
[TimeControl "40/5400+30:1800+30"]

1. d4 f5 2. Bg5 d5 3. c4 c6 4. Nc3 Be6 5. cxd5 cxd5 6. e3 h6 7. Bh4 g5 8. Bg3 Nf6 9. Nf3 $16 Nbd7 10. Qb3 Nh5 11. Be5 Bg7 12. Qxb7 Bxe5 13. Nxe5 Nxe5 14. dxe5 Kf7 15. Be2 g4 16. O-O a5 17. Qb3 Qc7 18. f4 Ng7 19. Nb5 Qd7 20. Nd4 Rab8 21. Qc3 a4 22. b4 Qb7 23. Rab1 Bd7 24. b5 h5 25. Qb4 Qa7 26. Rfc1 Rb7 27. Rc5 e6 28. b6 Qb8 29. Ba6 Ne8 30. Bxb7 Qxb7 31. Qa5 Kf8 32. Qa7 1-0

[Event "EYCC Girls U14 2018"]
[Site "Riga"]
[Date "2018.08.22"]
[Round "3"]
[White "Allahverdiyeva, Ayan"]
[Black "Sovina, Maria"]
[Result "1-0"]
[ECO "B47"]
[WhiteElo "2046"]
[BlackElo "1856"]
[Annotator "NA"]
[PlyCount "117"]
[EventDate "2018.08.20"]
[EventType "swiss"]
[EventCountry "LAT"]
[SourceTitle "playchess.com"]
[Source "ChessBase"]
[SourceQuality "1"]
[TimeControl "40/5400+30:1800+30"]

1. e4 c5 2. Nf3 Nc6 3. d4 cxd4 4. Nxd4 Qc7 5. Nc3 e6 6. g3 Nf6 7. Ndb5 Qb8 $1 8. Bf4 e5 9. Bg5 a6 10. Bxf6 gxf6 11. Na3 {[%emt 0:03:05] LiveBook: 6 Games} Bb4 $16 (11... Bxa3 $142 12. bxa3 d6) 12. Nc4 b5 13. Ne3 Qd6 14. Qxd6 Bxd6 15. O-O-O Be7 16. Ncd5 O-O 17. Bh3 Bd8 18. Kb1 Nd4 19. c3 Ne6 20. Nf5 Bb7 21. f3 Bc6 22. Rd2 Kh8 23. Rhd1 Ng5 24. Bg4 Rg8 25. Bh5 Rf8 26. Nd6 Kg7 27. Ne3 Bc7 28. Ndf5+ Kh8 29. Nh6 Bb6 30. Nef5 Bc5 31. h4 Ne6 32. Nxf7+ Kg8 33. N7d6 a5 34. Bg4 b4 35. Ne7+ Kh8 36. Nxc6 dxc6 37. Bxe6 bxc3 38. bxc3 Rab8+ 39. Ka1 Rb6 40. Nc4 Rbb8 41. Nxa5 Ra8 42. Nb7 Be7 43. Rd7 Ba3 44. Rd8 Raxd8 45. Rxd8 Rxd8 46. Nxd8 c5 47. Nc6 Kg7 48. Na5 Kf8 49. Nc4 Bc1 50. Bf5 h6 51. Kb1 Ke7 52. Kxc1 Kf7 53. a4 Ke7 54. a5 Kf7 55. a6 Ke7 56. a7 Kf8 57. a8=Q+ Kg7 58. Qb7+ Kh8 59. Qh7# 1-0